Map: 光影交错-天梯版

Players

夜蝶蝶蝶蝶蝶蝶蝶 (Firefly) - Winner!

  • Race: Protoss Protoss
  • League: Master

TIME (Oliveira)

  • Race: Terran Terran

Event: DreamHack SC2 Masters 2020 Winter

VOD

Have the link to the VOD?

Description

Time

  • Played on: Oct. 28, 2020, 8:30 a.m.
  • Length: 5:09

All games in this series

Show
View Real Time Build Order
Export as new Build Order

夜蝶蝶蝶蝶蝶蝶蝶 Protoss - Winner!

Build Orders: 1 Gate Expand, Dark Templar Rush 

Get SALT Encoding   

  12  0:00  Probe  
  13  0:12  Probe  
  14  0:17  Pylon  
  14  0:24  Probe  
  15  0:35  Gateway  
  15  0:37  Probe (Chrono Boost)  
  16  0:46  Probe (Chrono Boost)  
  16  0:47  Assimilator  
  17  0:51  Probe (Chrono Boost)  
  18  1:03  Probe  
  19  1:16  Probe  
  20  1:24  Nexus  
  20  1:33  Cybernetics Core  
  20  1:36  Probe  
  21  1:42  Assimilator  
  21  1:48  Probe  
  21  1:51  Pylon  
  22  2:00  Probe  
  23  2:06  Adept (Chrono Boost)  
  23  2:09  Warp Gate  
  23  2:11  Shield Battery  
  23  2:14  Probe  
  26  2:26  Probe  
  26  2:27  Stalker (Chrono Boost)  
  29  2:38  Probe  
  29  2:41  Twilight Council, Probe  
  31  2:50  Probe  
  32  2:54  Probe  
  33  3:01  Robotics Facility  
  33  3:02  Probe  
  34  3:06  Probe  
  35  3:12  Gateway  
  35  3:14  Probe  
  35  3:18  Probe  
  37  3:21  Dark Shrine  
  37  3:27  Probe  
  37  3:30  Probe  
  39  3:34  Gateway  
  39  3:39  Probe  
  40  3:42  Probe  
  40  3:44  Pylon  
  40  3:46  Warp Prism (Chrono Boost)  
  41  3:51  Probe  
  41  3:54  Probe  
  45  4:00  Shield Battery  
  45  4:03  Probe  
  45  4:06  Stalker  
  45  4:07  Probe  
  49  4:14  Assimilator  
  49  4:15  Probe  
  50  4:18  Pylon  
  51  4:27  Pylon, Probe  
  51  4:28  Pylon  
  52  4:32  Dark Templar  
  52  4:36  Dark Templar  
  52  4:38  Probe  
  57  4:40  Dark Templar  
  57  4:45  Probe  
Show
View Real Time Build Order
Export as new Build Order

TIME Terran 

Build Orders:  

Get SALT Encoding   

  12  0:00  SCV  
  13  0:12  SCV  
  14  0:17  Supply Depot  
  14  0:24  SCV  
  15  0:38  SCV  
  15  0:41  Barracks  
  16  0:44  Refinery  
  16  0:50  SCV  
  17  1:03  SCV  
  18  1:15  SCV  
  19  1:27  SCV  
  19  1:31  Reaper  
  21  1:40  Command Center  
  21  1:44  Orbital Command  
  21  1:53  Supply Depot  
  21  2:03  Marine  
  21  2:08  Factory  
  22  2:10  SCV  
  23  2:16  Refinery  
  23  2:22  SCV  
  24  2:25  Barracks Reactor  
  24  2:34  SCV  
  24  2:35  Barracks  
  25  2:46  SCV  
  25  2:51  Factory Tech Lab  
  26  2:52  Orbital Command  
  25  2:58  SCV  
  25  3:02  Marine x2  
  28  3:09  Cyclone  
  28  3:11  SCV  
  32  3:18  SCV  
  32  3:19  Marine  
  33  3:20  Marine  
  33  3:22  Barracks Tech Lab  
  33  3:23  SCV  
  36  3:30  SCV  
  36  3:35  Supply Depot  
  36  3:38  SCV, Marine x2  
  39  3:42  Marine  
  39  3:45  SCV  
  41  3:50  SCV, Siege Tank  
  41  3:53  Supply Depot  
  45  3:56  Marine  
  45  3:57  SCV, Marine  
  45  4:02  Marine, SCV  
  50  4:07  Supply Depot  
  50  4:10  SCV  
  50  4:13  Marine  
  50  4:15  SCV  
  50  4:16  Starport, Marine  
  54  4:23  SCV  
  54  4:24  Marine  
  55  4:26  Refinery  
  55  4:30  Siege Tank  
  59  4:32  Marine  
  59  4:33  SCV  
  59  4:34  Marine  
  59  4:35  SCV  
  63  4:40  Engineering Bay  
  63  4:43  Supply Depot  
  63  4:48  Marine  
Tags
 
Add a new tag
Caveats
  • Supply blocks, unpowered buildings, or Contaminate may cause inaccurate times.
  • Supply counts are checked every 10 seconds.